 Dungeon Crawl Stone Soup version 0.23.0 (webtiles) character file.

Game seed: 7731404583192273052

14616 poirepourri the Severer (level 11, 0/101 HPs)
             Began as a Minotaur Fighter on Feb 9, 2019.
             Was a Believer of Okawaru.
             Slain by a killer bee (2 damage)
             ... on level 11 of the Dungeon.
             The game lasted 00:09:13 (9259 turns).

poirepourri the Severer (Minotaur Fighter)          Turns: 9259, Time: 00:09:15

Health: 0/101      AC:  6    Str: 22    XL:     11   Next: 91%
Magic:  10/10      EV:  9    Int:  5    God:    Okawaru [**....]
Gold:   502        SH: 16    Dex: 12    Spells: 10/10 levels left

rFire    . . .     SeeInvis .   a - +3 war axe
rCold    . . .     Gourm    .   c - +3 shield
rNeg     . . .     Faith    .   b - +0 scale mail
rPois    .         Spirit   .   (helmet restricted)
rElec    .         Reflect  .   (no cloak)
rCorr    .         Harm     .   (no gloves)
MR       .....                  (no boots)
Stlth    ..........             (no amulet)
HPRegen  0.26/turn              (no ring)
MPRegen  0.12/turn              (no ring)

@: lethally poisoned (0 -> -7)
A: retaliatory headbutt, horns 2
a: Heroism, Renounce Religion


You were on level 11 of the Dungeon.
You worshipped Okawaru.
Okawaru was pleased with you.
You were not hungry.

You visited 2 branches of the dungeon, and saw 12 of its levels.

You collected 655 gold pieces.
You spent 153 gold pieces at shops.

Inventory:

Hand Weapons
 a - a +3 war axe (weapon)
Armour
 b - a +0 scale mail (worn)
 c - a +3 shield (worn)
Wands
 d - a wand of clouds (4)
 j - a wand of iceblast (3)
 k - a wand of flame (18)
 u - a wand of paralysis (3)
 v - a wand of enslavement (7)
Scrolls
 h - a scroll of magic mapping
 i - 3 scrolls of remove curse
 l - 3 scrolls of identify
 o - 2 scrolls of holy word
 q - 4 scrolls of fog
 s - 3 scrolls of teleportation
 t - a scroll of vulnerability
Potions
 e - a potion of curing
 g - 3 potions of lignification
 m - 2 potions of haste
 n - a potion of brilliance
 r - 2 potions of flight
Comestibles
 f - 11 rations


   Skills:
 - Level 10.5 Fighting
 - Level 16.1 Axes
 - Level 3.6 Armour
 + Level 12.1 Shields


You had 10 spell levels left.
You didn't know any spells.
Your spell library contained the following spells:

 Spells                   Type           Power        Failure   Level  Hunger
 Magic Dart               Conj           #...         89%         1    ##.....
 Searing Ray              Conj           #.....       96%         2    ###....
 Dazzling Spray           Conj/Hex       #.....       99%         3    ####...
 Force Lance              Conj/Tloc      #.......     100%        4    #####..
 Fulminant Prism          Conj/Hex       #.........   100%        4    #####..
 Iskenderun's Mystic Bla  Conj           #.......     100%        4    #####..


Dungeon Overview and Level Annotations

Branches:
Dungeon (11/15)            Temple (1/1) D:7            Lair (0/6) D:8
    Orc (0/2) D:9

Altars:
Ashenzari
Cheibriados
Dithmenos
Elyvilon
Fedhas
Gozag
Hepliaklqana
Kikubaaqudgha
Makhleb
Nemelex Xobeh
Okawaru
Qazlal
Ru
Sif Muna
Trog
Uskayaw
Vehumet
Wu Jian
Xom
Yredelemnul
Zin
The Shining One

Shops:
D:4 ?   D:8 ?


Innate Abilities, Weirdness & Mutations

You reflexively headbutt those who attack you in melee.
You have a pair of horns on your head.


Message History

* * * LOW HITPOINT WARNING * * *
You block the killer bee's attack. The killer bee stings you.
* * * LOW HITPOINT WARNING * * *
You are poisoned.
The killer bee poisons you! The killer bee closely misses you.
You furiously retaliate!
You headbutt the killer bee. The centaur barely misses you.
The killer bee misses you. You furiously retaliate!
You headbutt the killer bee.
Unknown command.
You feel sick. You block the killer bee's attack.
You block the howler monkey's attack. The killer bee stings you.
* * * LOW HITPOINT WARNING * * *
You are lethally poisoned!
The killer bee poisons you! The killer bee stings you.
* * * LOW HITPOINT WARNING * * *
The centaur hits you but does no damage.
You block the killer bee's attack.
The howler monkey hits you but does no damage.
The killer bee stings you.
You die...

......
#......###h...
#.....
#.†...........
...... #......#
......##....#####
..........(.....#
........Z(h.#......
.........y)...../..
......hyu..h.......
.......@y....(.....
........c.........#
.....=..###.......#
...##..## .....##
#.. #.. .....# .
#.. ..%. ... #..
.#..


You could see a purple ugly thing, a centaur, 3 howler monkeys, 3 killer bees
and a howler monkey zombie.

Vanquished Creatures
  Erolcha (D:9)
  A two-headed ogre (D:8)
  Pikel (D:7)
  A manticore (D:11)
  Joseph (D:9)
  2 hippogriffs
  Sigmund (D:2)
  A wyvern (D:10)
  6 yaks (D:10)
  A hungry ghost (D:10)
  4 orc warriors
  A sky beast (D:5)
  An eye of draining (D:9)
  2 ice beasts
  A necrophage (D:11)
  A phantom (D:7)
  A slave (D:7)
  5 ogres
  12 centaurs
  A bullfrog (D:7)
  Blork the orc (D:4)
  2 water moccasin zombies
  5 scorpions
  6 wights (D:9)
  A killer bee (D:11)
  2 howler monkeys
  2 crimson imps
  5 hounds
  A centaur skeleton (D:5)
  4 orc priests
  3 jellies
  An iron imp (D:7)
  8 iguanas
  9 orc wizards
  A worker ant (D:9)
  4 hound zombies
  2 hound skeletons
  A howler monkey zombie (D:3)
  A worker ant zombie (D:3)
  9 gnolls
  8 adders
  3 shadow imps
  2 oozes
  2 adder zombies
  4 adder skeletons
  5 worms
  3 dart slugs
  7 leopard geckos
  31 orcs
  A ball python (D:4)
  4 bats
  8 giant cockroaches
  5 goblins
  12 hobgoblins
  6 jackals (D:1)
  5 quokkas
  5 frilled lizards
  A jackal skeleton (D:7)
  8 kobolds
  A leopard gecko skeleton (D:6)
  2 quokka skeletons
  A quokka zombie (D:3)
  4 rats
241 creatures vanquished.

Notes
Turn   | Place    | Note
-------+----------+-------------------------------------------
     0 | D:1      | poirepourri the Minotaur Fighter began the quest for the
                  | Orb.
     0 | D:1      | Reached XP level 1. HP: 19/19 MP: 0/0
    82 | D:1      | Reached skill level 3 in Axes
    91 | D:1      | Reached XP level 2. HP: 22/26 MP: 1/1
   139 | D:1      | Reached skill level 4 in Axes
   266 | D:1      | Reached XP level 3. HP: 26/31 MP: 2/2
   701 | D:2      | Found a blossoming altar of Fedhas.
   712 | D:2      | Found a glowing silver altar of Zin.
   742 | D:2      | Reached skill level 5 in Axes
   765 | D:2      | Reached XP level 4. HP: 30/39 MP: 3/3
   801 | D:2      | Found a burning altar of Makhleb.
   904 | D:2      | Noticed Sigmund
   910 | D:2      | Killed Sigmund
   910 | D:2      | Reached skill level 7 in Axes
   910 | D:2      | Reached XP level 5. HP: 45/45 MP: 4/4
  1029 | D:3      | HP: 2/45 [gnoll/+0 whip (8)]
  1033 | D:3      | Reached XP level 6. HP: 20/51 MP: 5/5
  1318 | D:3      | Reached skill level 8 in Axes
  1902 | D:4      | Reached skill level 9 in Axes
  1948 | D:4      | Reached XP level 7. HP: 44/57 MP: 6/6
  2073 | D:4      | Noticed Blork the orc
  2077 | D:4      | Killed Blork the orc
  2291 | D:4      | Found Othal's Magic Scroll Boutique.
  2299 | D:4      | Bought a scroll of enchant armour for 97 gold pieces
  2541 | D:5      | Entered Level 5 of the Dungeon
  2577 | D:5      | Reached skill level 10 in Axes
  2812 | D:5      | Found a sacrificial altar of Ru.
  3447 | D:6      | Reached skill level 11 in Axes
  3460 | D:6      | Reached XP level 8. HP: 35/64 MP: 7/7
  3639 | D:6      | Found a shattered altar of Ashenzari.
  3644 | D:6      | Found a deep blue altar of Sif Muna.
  3644 | D:6      | Found a bloodstained altar of Trog.
  3801 | D:6      | Reached skill level 12 in Axes
  4353 | D:7      | Found a snail-covered altar of Cheibriados.
  4397 | D:7      | Reached skill level 13 in Axes
  4814 | D:7      | Found a shimmering altar of Xom.
  4915 | D:7      | Reached XP level 9. HP: 61/70 MP: 8/8
  5255 | D:7      | Reached skill level 14 in Axes
  5277 | D:7      | Found an ornate altar of the Wu Jian Council.
  5292 | D:7      | Noticed Pikel
  5303 | D:7      | Killed Pikel
  5390 | D:7      | Found a staircase to the Ecumenical Temple.
  5425 | Temple   | Entered the Ecumenical Temple
  5837 | D:7      | Reached skill level 15 in Axes
  6090 | D:8      | Found a basalt altar of Yredelemnul.
  6279 | D:8      | Found Metappoc's Magic Scroll Shop.
  6287 | D:8      | Bought a scroll of identify for 28 gold pieces
  6287 | D:8      | Bought a scroll of identify for 28 gold pieces
  6412 | D:8      | Noticed a two-headed ogre
  6418 | D:8      | Killed a two-headed ogre
  6418 | D:8      | Reached skill level 16 in Axes
  6418 | D:8      | Reached XP level 10. HP: 77/77 MP: 9/9
  6424 | D:8      | Found an iron altar of Okawaru.
  6434 | D:8      | Became a worshipper of Warmaster Okawaru
  6815 | D:8      | Found a staircase to the Lair.
  6866 | D:9      | Reached skill level 5 in Fighting
  6878 | D:9      | Noticed Joseph
  6909 | D:9      | Found a shadowy altar of Dithmenos.
  7254 | D:9      | Killed Joseph
  7429 | D:9      | Found a staircase to the Orcish Mines.
  7723 | D:9      | Noticed Erolcha
  7743 | D:9      | Killed Erolcha
  7743 | D:9      | Reached * piety under Okawaru
  7956 | D:9      | Found a stormy altar of Qazlal.
  8049 | D:9      | Reached XP level 11. HP: 97/97 MP: 10/10
  8312 | D:10     | Entered Level 10 of the Dungeon
  8343 | D:10     | Reached skill level 10 in Fighting
  8402 | D:10     | Reached ** piety under Okawaru
  9247 | D:11     | Noticed a purple ugly thing
  9248 | D:11     | Noticed a cyan ugly thing
  9259 | D:11     | HP: 4/101 [killer bee (2)]
  9259 | D:11     | Slain by a killer bee

Skill      XL: |  1  2  3  4  5  6  7  8  9 10 11 |
---------------+----------------------------------+-----
Axes           | 3 4 5 7 9 11 13 16 | 16.1
Fighting       | 9 10 | 10.5
Shields        | 11 12 | 12.1
Armour         | |  3.6

Action                   |  1- 3 |  4- 6 |  7- 9 | 10-12 || total
-------------------------+-------+-------+-------+-------++-------
Melee: War axe           |    95 |   100 |   214 |   220 ||   629
       Headbutt          |     7 |    22 |    39 |    51 ||   119
Evoke: Wand              |       |       |    14 |       ||    14
  Use: Scroll            |     4 |     4 |    15 |     4 ||    27
       Potion            |       |     3 |     3 |     6 ||    12
  Eat: Ration            |       |     1 |     4 |     4 ||     9
Armor: Scale mail        |    37 |    36 |    42 |    31 ||   146
Dodge: Dodged            |    24 |    30 |    49 |    35 ||   138
Block: Shield            |    54 |    43 |   115 |    98 ||   310
